 Dungeon Crawl Stone Soup version 0.16.1-51-g6203257 (webtiles) character file.

12210 uhvn the Covert (level 11, -11/60 HPs)
             Began as a Vine Stalker Enchanter on July 10, 2015.
             Was a High Priest of Dithmenos.
             Mangled by Snorg (13 damage)
             ... on level 3 of the Orcish Mines.
             The game lasted 01:17:03 (12644 turns).

uhvn the Covert (Vine Stalker Enchanter)           Turns: 12644, Time: 01:17:03

Health: -11/60     AC:  8    Str: 12    XL:     11   Next: 89%
Magic:  0/28       EV: 16    Int: 15    God:    Dithmenos [*****.]
Gold:   1265       SH:  0    Dex: 17    Spells: 2 memorised, 22 levels left

rFire  x . .     SeeInvis .     k - +3 dagger (elec)
rCold  + + .     Clarity  .     e - +2 robe {rC+}
rNeg   . . .     SustAb   .     (no shield)
rPois  .         Gourm    .     m - +0 helmet
rElec  .         Spirit   +     (no cloak)
rCorr  .         Warding  .     (no gloves)
rMut   .         Stasis   +     F - +2 pair of boots
MR     ++...                    O - amulet of stasis
Stlth  +++++++...               V - ring of ice
                                s - ring of protection from magic

@: wreathed by umbra, very resistant to hostile enchantments, extremely stealthy
A: fangs 3, regeneration 2, magic shield, antimagic bite, no device heal 3, rot
immunity
a: Shadow Step, Shadow Form, Renounce Religion


You were on level 3 of the Orcish Mines.
You worshipped Dithmenos.
Dithmenos was extremely pleased with you.
You were not hungry.

You visited 2 branches of the dungeon, and saw 14 of its levels.

You collected 1362 gold pieces.
You spent 97 gold pieces at shops.

Inventory:

Hand weapons
 k - a +3 dagger of electrocution (weapon)
 n - a +0 short sword of speed
 o - a cursed -1 dagger
 z - a +2 dagger of speed
 X - a +2 short sword of speed
Missiles
 A - 2 throwing nets (quivered)
Armour
 b - a +1 robe
 e - a +2 robe of cold resistance (worn)
 m - a +0 helmet (worn)
 F - a +2 pair of boots (worn)
Jewellery
 l - an uncursed ring of loudness
 s - a ring of protection from magic (left hand)
 O - an amulet of stasis (around neck)
 U - an uncursed ring of positive energy
 V - a ring of ice (right hand)
Magical devices
 f - a wand of disintegration (3)
 v - a wand of paralysis (2)
 x - a wand of slowing (23)
 y - a wand of draining (6)
 I - a wand of digging (24)
 Y - a wand of confusion (39)
Scrolls
 i - 6 scrolls of teleportation
 j - 2 scrolls of blinking
 p - 3 scrolls of recharging
 q - 2 scrolls of magic mapping
 t - 3 scrolls of amnesia {unknown}
 w - 3 scrolls of identify {unknown}
 B - 3 scrolls of enchant armour
 J - 4 scrolls of remove curse
 Z - 4 scrolls of fear {unknown}
Potions
 C - a potion of haste {unknown}
 D - 2 potions of flight
 E - 2 potions of brilliance
 H - a potion of ambrosia {unknown}
 L - a potion of agility
 M - a potion of berserk rage {unknown}
 N - a potion of restore abilities {unknown}
 P - a potion of degeneration {unknown}
 T - a potion of resistance {unknown}
 W - a potion of might
Books
 a - a Necronomicon {highlevel, unknown}

   This book is beyond your current level of understanding.

   Spells                             Type                      Level
   a - Haunt                          Necromancy/Summoning         7
   b - Borgnjor's Revivification      Necromancy                   8
   c - Death's Door                   Charms/Necromancy            8
   d - Necromutation                  Transmutation/Necromancy     8
 c - a book of Maledictions

   Spells                             Type                      Level
   a - Corona                         Hexes                        1
   b - Sure Blade                     Hexes/Charms                 2
   c - Ensorcelled Hibernation        Hexes/Ice                    2
   d - Confuse                        Hexes                        3
   e - Dazzling Spray                 Conjuration/Hexes            3
   f - Enslavement                    Hexes                        4
 h - a book of Alchemy

   Spells                             Type                      Level
   a - Sublimation of Blood           Necromancy                   2
   b - Alistair's Intoxication        Transmutation/Poison         4
   c - Condensation Shield            Ice                          4
   d - Petrify                        Transmutation/Earth          4
   e - Ignite Poison                  Fire/Transmutation           5
   f - Irradiate                      Conjuration/Transmutation    5
 R - a book of the Tempests

   Spells                             Type                      Level
   a - Static Discharge               Conjuration/Air              3
   b - Lightning Bolt                 Conjuration/Air              5
   c - Fireball                       Conjuration/Fire             5
   d - Tornado                        Air                          9
   e - Shatter                        Earth                        9
Comestibles
 d - 11 bread rations
 g - a chunk of flesh
 r - 2 slices of pizza
 u - 5 fruits
 G - 4 meat rations
 Q - 3 beef jerkies


   Skills:
 * Level 8.6 Fighting
 * Level 8.7 Short Blades
 + Level 6.0 Dodging
 + Level 8.8 Stealth
 + Level 7.6 Spellcasting
 + Level 4.7 Hexes
 + Level 4.4 Ice Magic


You had 22 spell levels left.
You knew the following spells:

 Your Spells              Type           Power        Failure   Level  Hunger
a - Corona                Hex            ###....      1%          1    None
b - Ensorcelled Hibernat  Hex/Ice        ####..       2%          2    None


Dungeon Overview and Level Annotations

Branches:
Dungeon (10/15)            Temple (0/1) D:5             Orc (4/4) D:9
   Lair: D:8-11         Elf: Orc:3-4

Altars:
Cheibriados
Dithmenos
Fedhas
Vehumet
Beogh

Shops:
D:6 %   D:9 ?   Orc:1 [

Annotations:
Orc:3 Snorg


Innate Abilities, Weirdness & Mutations

You have razor-sharp teeth.
You heal very quickly.
When hurt, damage is shared between your health and your magic reserves.
Your bite disrupts and absorbs the magic of your enemies.
Potions and wands cannot restore your health.
You are immune to rotting.


Message History

Snorg bites you!! Snorg claws you! Snorg completely misses you.
The orc completely misses you. Snorg bites you!!
* * * LOW HITPOINT WARNING * * *
Snorg closely misses you. Snorg barely misses you.
Casting: Ensorcelled Hibernation
Confirm with . or Enter, or press ? or * to list all spells.
Aiming: Ensorcelled Hibernation
Press: ? - help, Shift-Dir - straight line, f - Snorg
Aim: Snorg (lightly wounded, berserk, fast, unusually strong, umbra, chance 24%)
You feel a surge of power!
Snorg is unaffected.
Snorg misses you. Snorg misses you. Snorg claws you but does no damage.
The orc hits you but does no damage. Snorg completely misses you.
Snorg closely misses you. Snorg claws you!
* * * LOW HITPOINT WARNING * * *
You hit Snorg.
There is a sudden explosion of sparks!
Snorg is moderately wounded.
Snorg bites you!
* * * LOW HITPOINT WARNING * * *
Snorg claws you!
You die...

##.#......#...#....)#..#..## ###
##.#........###..)....#..##
##.###............#.......##...#
##...##....................##....
#.#..##....#...........#...###...
..).......#................# ##..
#.##.##.#........o..)......# #≈.
########.........#.o[[)....# #≈.
##.#.#.#...@To..><..[## ###
##..........o#...).)..## ##
#.......#....o.......))## ##.
##.................[..[.###..
###.#...............[).##≈..
####..##.............###..
#####..............##..
##.)...........##..
##..............##.


You could see Snorg (berserk) and 5 orcs.

Vanquished Creatures
  2 orc high priests
  Erolcha (Orc:2)
  An orc knight (Orc:2)
  2 orc sorcerers (Orc:2)
  5 trolls
  A two-headed ogre (Orc:2)
  A spriggan (D:7)
  3 yaks
  2 wargs (Orc:1)
  A steam dragon (D:9)
  A hungry ghost (D:9)
  12 ice beasts
  17 orc warriors
  2 sky beasts
  A wasp (D:8)
  A phantom (D:8)
  2 centaurs
  9 ogres
  2 crocodiles
  A big kobold (D:8)
  2 giant frogs
  A wyvern skeleton (D:7)
  5 scorpions
  A giant frog zombie (D:7)
  A goliath beetle (D:7)
  2 hounds
  18 orc priests
  7 crimson imps
  2 jellies
  21 orc wizards
  Crazy Yiuf (D:7)
  3 iguanas
  A centaur skeleton (D:8)
  5 worker ants
  Ijyb (D:6)
  A hound skeleton (D:7)
  A hound zombie (D:6)
  10 adders
  6 gnolls
  3 giant mites
  5 worms
  2 adder skeletons
  6 orc skeletons (Orc:1)
  5 giant geckos
  An ooze (D:2)
  124 orcs
  4 bat skeletons
  17 goblins
  15 hobgoblins
  11 jackals
  4 quokkas
  A ball python (D:3)
  16 bats
  4 giant cockroaches
  5 giant newts
  22 kobolds
  A quokka skeleton (D:7)
  A quokka zombie (D:6)
  18 rats
421 creatures vanquished.

Vanquished Creatures (others)
  An orc (Orc:3)
1 creature vanquished.

Grand Total: 422 creatures vanquished

Notes
Turn   | Place    | Note
--------------------------------------------------------------
     0 | D:1      | uhvn, the Vine Stalker Enchanter, began the quest for the Orb.
     0 | D:1      | Reached XP level 1. HP: 9/9 MP: 3/3
    47 | D:1      | Reached skill level 1 in Short Blades
    81 | D:1      | Reached XP level 2. HP: 14/14 MP: 4/6
   169 | D:1      | Learned a level 2 spell: Ensorcelled Hibernation
   506 | D:1      | Reached XP level 3. HP: 14/17 MP: 7/7
   919 | D:2      | Reached skill level 1 in Fighting
   995 | D:2      | Reached skill level 1 in Ice Magic
  1085 | D:2      | Reached XP level 4. HP: 13/22 MP: 5/9
  1280 | D:2      | Reached skill level 4 in Stealth
  1600 | D:2      | Reached XP level 5. HP: 18/25 MP: 10/12
  2001 | D:3      | Found a shadowy altar of Dithmenos.
  2012 | D:3      | Became a worshipper of Dithmenos the Shadowed
  3199 | D:4      | Gained mutation: You heal very quickly. [vine stalker growth]
  3199 | D:4      | Reached XP level 6. HP: 13/30 MP: 8/15
  3605 | D:5      | Entered Level 5 of the Dungeon
  3880 | D:5      | Reached XP level 7. HP: 24/35 MP: 8/17
  3903 | D:5      | Reached skill level 5 in Stealth
  4257 | D:5      | Acquired Dithmenos' first power
  4579 | D:5      | Found a staircase to the Ecumenical Temple.
  4989 | D:6      | Gained mutation: You have razor-sharp teeth. [vine stalker growth]
  4989 | D:6      | Reached XP level 8. HP: 25/40 MP: 16/20
  5068 | D:6      | Found a radiant altar of Vehumet.
  5308 | D:6      | Noticed Ijyb
  5312 | D:6      | Found Stru Ron's Food Shop.
  5313 | D:6      | Killed Ijyb
  5360 | D:6      | Found a snail-covered altar of Cheibriados.
  5560 | D:7      | Found a blossoming altar of Fedhas.
  5701 | D:7      | Reached skill level 5 in Spellcasting
  5779 | D:7      | Noticed Crazy Yiuf
  5785 | D:7      | Killed Crazy Yiuf
  5877 | D:7      | Acquired Dithmenos' second power
  5877 | D:7      | Reached skill level 6 in Stealth
  5879 | D:7      | Reached skill level 5 in Short Blades
  5982 | D:7      | Reached XP level 9. HP: 46/46 MP: 21/23
  6587 | D:8      | Reached skill level 5 in Fighting
  7207 | D:9      | Found a staircase to the Orcish Mines.
  7329 | D:9      | Reached skill level 7 in Stealth
  7350 | D:10     | Entered Level 10 of the Dungeon
  7361 | D:10     | HP: 2/48 [yak (4)]
  7466 | D:9      | Reached XP level 10. HP: 37/53 MP: 21/25
  7589 | D:9      | Found Nyzyxav's Magic Scroll Emporium.
  7630 | D:9      | Bought a scroll of blinking for 97 gold pieces
  7839 | D:9      | Acquired Dithmenos' third power
  8219 | Orc:1    | Entered Level 1 of the Orcish Mines
  8250 | D:8      | HP: 2/53 [orc warrior/short sword (15)]
  8741 | Orc:1    | Found Pnozierr's Antique Armour Emporium.
  8956 | Orc:1    | Reached skill level 5 in Dodging
  9440 | Orc:2    | Noticed an orc high priest
  9851 | Orc:1    | Killed an orc high priest
  9851 | Orc:1    | Reached skill level 8 in Stealth
  9904 | Orc:1    | Noticed an orc sorcerer
  9911 | Orc:1    | Noticed an orc knight
  9927 | Orc:1    | Noticed a sun demon
  9929 | Orc:1    | Reached XP level 11. HP: 48/58 MP: 21/27
  9940 | Orc:2    | Killed an orc knight
 10147 | Orc:2    | Killed an orc sorcerer
 10147 | Orc:2    | Acquired Dithmenos' fourth power
 10334 | Orc:3    | Noticed Erolcha
 10578 | Orc:2    | Killed Erolcha
 11758 | Orc:2    | Found a roughly hewn altar of Beogh.
 11763 | Orc:2    | Noticed an orc high priest
 11810 | Orc:2    | Killed an orc high priest
 12164 | Orc:4    | Entered Level 4 of the Orcish Mines
 12164 | Orc:4    | Noticed Snorg
 12300 | Orc:4    | Noticed an orc knight
 12315 | Orc:4    | HP: 3/60 [orc knight/bolt (8)]
 12324 | Orc:4    | HP: 3/60 [orc knight/bolt (6)]
 12644 | Orc:3    | HP: 2/60 [Snorg (7)]
 12644 | Orc:3    | Mangled by Snorg

Action                   |  1- 3 |  4- 6 |  7- 9 | 10-12 || total
-------------------------+-------+-------+-------+-------++-------
Melee: Dagger            |   138 |   255 |   349 |   505 ||  1247
 Cast: Corona            |    21 |    37 |    49 |    46 ||   153
       Ensorcelled Hiber |     2 |     6 |    10 |   102 ||   120
Evoke: Wand              |       |       |     1 |       ||     1
  Use: Scroll            |       |       |     5 |     3 ||     8
       Potion            |       |       |       |     8 ||     8
 Stab: Sleeping          |     1 |     4 |    18 |    62 ||    85
       Distracted        |       |       |       |     3 ||     3
  Eat: Chunk             |       |    10 |    12 |    17 ||    39
